 Dungeon Crawl Stone Soup version 0.31-a0-426-g3a05650e59 (webtiles) character file.

Game seed: 12313723351796442683

883 Gelion the Changeling (level 8, -2/54 HPs)
             Began as an Octopode Shapeshifter on July 31, 2023.
             Slain by a gnoll
             ... wielding a +0 spear
             ... led by a gnoll sergeant
              (9 damage)
             ... on level 5 of the Dungeon.
             The game lasted 00:07:27 (3422 turns).

Gelion the Changeling (Octopode Shapeshifter)       Turns: 3422, Time: 00:07:27

Health: -2/54      AC:  1    Str: 15    XL:     8   Next: 5%
Magic:  8/8        EV: 13    Int: 10    God:
Gold:   37         SH:  0    Dex: 14    Spells: 7/7 levels left

rFire   . .          .
                       - Unarmed
rCold   . . .        (no shield)
rNeg    . . .        (helmet currently unavailable)
rPois   .            (no amulet)
rElec   .            (no ring)
rCorr   .            (no ring)
SInv    .            (no ring)
Will    .....        (no ring)
Stlth   ++           (no ring)
HPRegen 0.29/turn    (no ring)
MPRegen 0.11/turn    (no ring)
                     (no ring)

%: no passive effects
@: confused, beast-form, ambrosia-drunk
A: beast (slay +4), almost no armour, amphibious, 8 rings, camouflage 1,
gelatinous body 1, (nimble swimmer 1), tentacles
a: Begin Untransformation


You were on level 5 of the Dungeon.
You were a hulking beast.
You visited 1 branch of the dungeon, and saw 5 of its levels.

You collected 197 gold pieces.
You spent 160 gold pieces at shops.

Inventory:

Missiles
 j - 2 javelins
Talismans
 b - a beast talisman (active)
 d - a storm talisman
Wands
 h - a wand of roots (3)
Scrolls
 c - 2 scrolls of teleportation
 g - 3 scrolls of fog
 i - a scroll of enchant weapon
 k - a scroll of amnesia
 l - a scroll of blinking {unknown}
Potions
 a - a potion of lignification
 m - a potion of cancellation
 n - a potion of enlightenment {unknown}


   Skills:
 + Level 4.3 Fighting
 - Level 2.0 Dodging
 + Level 5.2 Unarmed Combat
 * Level 6.1 Shapeshifting


You had 7 spell levels left.
You didn't know any spells.
Your spell library contained the following spells:

 Spells                   Type           Power      Damage    Failure   Level
 Blink                    Tloc           0%         N/A       50%         2
 Inner Flame              Hex/Fire       0%         N/A       75%         3
 Tukima's Dance           Hex            0%         N/A       75%         3
 Manifold Assault         Tloc           0%         N/A       98%         4
 Passage of Golubria      Tloc           0%         N/A       98%         4
 Yara's Violent Unravell  Hex/Tmut       0%         3d3       100%        5
 Enfeeble                 Hex            0%         N/A       100%        7


Dungeon Overview and Level Annotations

Branches:
Dungeon (5/15)
 Temple: D:4-7

Altars:
Dithmenos
Hepliaklqana
Xom

Shops:
D:5 :

Annotations:
D:5 exclusions: door and 1 more exclusion


Innate Abilities, Weirdness & Mutations

You are a hulking beast.
Your limbs bulge with bestial killing power. (Slay +4)
You cannot wear most types of armour.
You are amphibious.
You can wear up to eight rings at the same time.
Your skin changes colour to match your surroundings (Stealth+).
Your rubbery body absorbs attacks. (AC +1, EV +1)
((You are camouflaged when in or above water. (Stealth+)))
You have tentacles for arms and can constrict up to eight enemies at once.


Message History

You squeeze the gnoll sergeant!
The gnoll sergeant is almost dead.
You constrict the gnoll sergeant, but do no damage.
The gnoll sergeant hits you with a +2 vampiric spear!
The gnoll sergeant draws strength from your wounds!
The gnoll hits you from afar with a +0 spear.
* * * LOW HITPOINT WARNING * * *
You release your grip on the gnoll sergeant.
The gnoll sergeant attacks as you move away!
The gnoll sergeant hits you with a +2 vampiric spear!
* * * LOW HITPOINT WARNING * * *
The gnoll sergeant draws strength from your wounds!
The gnoll sergeant barely misses you.
Aiming: Fastroot
Press: ? - help, Shift-Dir - straight line, p - gnoll The roots erupt in riotous growth!
Roots grab the gnoll.
Roots grab the gnoll sergeant.
The grasping roots constrict the gnoll sergeant.
The grasping roots constrict the gnoll.
You hear a bellow! x3
The gnoll sergeant hits you from afar with a +2 vampiric spear.
* * * LOW HITPOINT WARNING * * *
The gnoll escapes!
The grasping roots constrict the gnoll sergeant.
You kill the gnoll sergeant!
Your Shapeshifting skill increases to level 6!
You have reached level 8!
You are confused.
You feel invigorated. The gnoll closely misses you.
The gnoll hits you with a +0 spear!
* * * LOW HITPOINT WARNING * * *
You bump into the rock wall.
The gnoll hits you from afar with a +0 spear.
* * * LOW HITPOINT WARNING * * *
The gnoll closely misses you. x2; The gnoll hits you with a +0 spear.
* * * LOW HITPOINT WARNING * * *
The gnoll barely misses you. The gnoll hits you with a +0 spear.
* * * LOW HITPOINT WARNING * * *
The gnoll hits you from afar with a +0 spear!
You die...

#.##..............
P################# ).......
############
#.........####### #..#
#.##............# #..#
#.........#####.# #..#
#.........#<..#.#+#.)####
##...###.#'#..g.h........#
.....# #.......gg........#
###### #.................#
########.................#
#..........#...........###
......)....#.#...###.).#
...........#.#...'.....######
...........#.#...####......g#
....>......#.#...##...#####)#


You could see 3 gnolls.

Vanquished Creatures
  Sigmund (D:3)
  An ice beast (D:5)
  An ogre (D:5)
  A gnoll sergeant (D:5)
  2 scorpions
  2 hounds
  2 jellies (D:4)
  An iguana (D:5)
  An orc wizard (D:3)
  Ijyb (D:3)
  A gnoll (D:5)
  5 adders
  3 ufetubi
  A worm (D:4)
  5 dart slugs
  7 orcs
  7 bats
  7 endoplasms
  2 giant cockroaches
  6 goblins
  8 hobgoblins
  3 quokkas
  10 ball pythons
  3 frilled lizards
  10 kobolds
  5 rats
96 creatures vanquished.

Notes
Turn   | Place    | Note
-------+----------+-------------------------------------------
     0 | D:1      | Gelion the Octopode Shapeshifter began the quest for the
                  | Orb.
     0 | D:1      | Reached XP level 1. HP: 13/13 MP: 1/1
   196 | D:1      | Reached XP level 2. HP: 18/18 MP: 2/2
   912 | D:2      | Reached XP level 3. HP: 19/23 MP: 3/3
  1212 | D:2      | Reached XP level 4. HP: 21/29 MP: 4/4
  1388 | D:2      | Found a shimmering altar of Xom.
  1522 | D:3      | Reached skill level 4 in Shapeshifting
  1580 | D:3      | Noticed Sigmund
  1588 | D:3      | Killed Sigmund
  1589 | D:3      | Reached XP level 5. HP: 12/36 MP: 5/5
  1589 | D:3      | Reached XP level 6. HP: 14/41 MP: 6/6
  1743 | D:3      | Noticed Ijyb
  1751 | D:3      | Killed Ijyb
  1930 | D:3      | Found a faded altar of an unknown god.
  1994 | D:3      | Found a shadowy altar of Dithmenos.
  2463 | D:4      | Reached skill level 5 in Shapeshifting
  2652 | D:4      | Reached XP level 7. HP: 44/46 MP: 7/7
  2921 | D:5      | Entered Level 5 of the Dungeon
  2926 | D:5      | Found a hazy altar of Hepliaklqana.
  2938 | D:5      | Noticed a yak
  2971 | D:5      | Found Quloo's Book Boutique.
  2985 | D:5      | Bought an Inescapable Atlas for 160 gold pieces
  3189 | D:5      | Reached skill level 5 in Unarmed Combat
  3411 | D:5      | HP: 2/48 [gnoll sergeant/+2 vampiric spear (3)]
  3413 | D:5      | Reached skill level 6 in Shapeshifting
  3413 | D:5      | Reached XP level 8. HP: 3/54 MP: 8/8
  3422 | D:5      | Slain by a gnoll

Illustrated notes

Levels and vault maps discovered:
D:1:      roderic_dead_forest, layout_loops_corners, hex_tiny,
          minmay_misc_feat_diagonals, grunt_decor_clamped
D:2:      layout_rooms, basic_altar
D:3:      layout_loops_ring, nicolae_dithmenos_shadow_blocks,
          hellmonk_ecumenical_altar_inner_sanctum, uniq_sigmund, uniq_ijyb
D:4:      layout_cave_pools
D:5:      layout_basic, nicolae_hepliaklqana_hazy_memory, serial_shops,
          nicolae_shop_stone

Skill      XL: |  1  2  3  4  5  6  7 |
---------------+----------------------+-----
Fighting       | 2 3 4 |  4.3
Shapeshifting  | 4 5 6 |  6.1
Unarmed Combat | 4 5 |  5.2
Dodging        | |  2.0

Action                     |  1- 3 |  4- 6 |  7- 9 || total
---------------------------+-------+-------+-------++-------
  Melee: Unarmed           |    60 |    71 |    39 ||   170
         Constrict         |    15 |    19 |    10 ||    44
         Tentacles         |     7 |    19 |     9 ||    35
         Punch             |     3 |       |     4 ||     7
  Evoke: Wand              |       |       |     4 ||     4
    Use: Scroll            |       |     7 |     2 ||     9
         Potion            |       |       |     3 ||     3
   Stab: Sleeping          |     7 |     2 |     6 ||    15
         Distracted        |     1 |       |       ||     1
 Armour: Skin              |     8 |     8 |    11 ||    27
  Dodge: Dodged            |    30 |    44 |    28 ||   102

Table legend: (Time is in decaauts)
 A = Elapsed time spent in this place.
 B = Non-inter-level travel time spent in this place.
 C = Inter-level travel time spent in this place.
 D = Time resting spent in this place.
 E = Time spent auto-exploring this place.
 F = Levels seen in this place.
 G = Mean time per level.
                   A        B        C        D        E       F      G
               +--------+--------+--------+--------+--------+-----+--------+
         Total |   3408 |   3322 |     86 |    190 |   2546 |   5 |  681.6 |
       Dungeon |   3408 |   3322 |     86 |    190 |   2546 |   5 |  681.6 |
               +--------+--------+--------+--------+--------+-----+--------+

Top non-repeatable levels by time:
     D:3: 921 daAuts
     D:1: 902 daAuts
     D:2: 592 daAuts
     D:5: 498 daAuts
     D:4: 493 daAuts
